[Event "*** Titled Tuesday Blitz"]
[Site "Chess.com"]
[Date "2019.09.03"]
[Round "4"]
[White "Duhless"]
[Black "cherryandmint"]
[Result "1-0"]
[WhiteElo "2991"]
[BlackElo "2807"]
[TimeControl "180+2"]
[EndTime "15:52:59 PDT"]
[Termination "Duhless won by checkmate"]

1. d4 d5 2. c4 e6 3. Nf3 Nf6 4. g3 Be7 5. Bg2 O-O 6. O-O dxc4 7. Qc2 a6 8. Rd1 b5 9. Ne5 Nd5 10. b3 cxb3 11. axb3 Bb7 12. Ba3 Bxa3 13. Nxa3 Nb4 14. Qc5 Bxg2 15. Kxg2 Qd5+ 16. Qxd5 Nxd5 17. Nxb5 Rc8 18. Rdc1 f6 19. Nd3 Nd7 20. Nc3 Nxc3 21. Rxc3 a5 22. Rc4 Ra7 23. Rca4 c5 24. Rc1 Rac7 25.
Rac4 Rb8 26. Nxc5 Nxc5 27. Rxc5 Rxc5 28. Rxc5 Rxb3 29. Rxa5 Kf7 30. h4 Rb4 31. e3 Rb2 32. g4 Rc2 33. Kg3 Rc1 34. Ra7+ Kf8 35. g5 Kg8 36. Re7 Rc6 37. Kf4 Rd6 38. Ra7 Rd5 39. Kg4 Rb5 40. Re7 Rb6 41. Kh5 f5 42. g6 hxg6+ 43. Kxg6 e5+ 44. Kxf5 exd4 45. exd4 Rf6+ 46.
Ke5 Kf8 47. Ra7 Rxf2 48. d5 Rh2 49. Ke6 Rxh4 50. Ra8# 1-0

[Event "*** Titled Tuesday Blitz"]
[Site "Chess.com"]
[Date "2019.09.03"]
[Round "4"]
[White "eljanov"]
[Black "joshdaruca"]
[Result "1-0"]
[WhiteElo "2921"]
[BlackElo "2737"]
[TimeControl "180+2"]
[EndTime "15:53:00 PDT"]
[Termination "eljanov won by resignation"]

1. Nf3 Nf6 2. c4 e6 3. g3 b6 4. Bg2 Bb7 5. O-O d5 6. cxd5 exd5 7. d4 Nbd7 8. Nc3 Bd6 9. Nb5 O-O 10. Nxd6 cxd6 11.
Bg5 h6 12. Bxf6 Qxf6 13. Rc1 Rfc8 14. Qa4 Qe7 15. Rxc8+ Bxc8 16. e3 Bb7 17. Rc1 Nf6 18.
Ne1 Rc8 19. Rxc8+ Bxc8 20. Nd3 Qc7 21. h3 Bf5 22. Bf1 Be4 23. Qd1 g5 24. a3 Kg7 25.
Nb4 h5 26. Na2 g4 27. Nc3 Bf3 28. Qb3 Qc8 29. h4 Ne4 30. Nxe4 dxe4 31. Qc3 Qxc3 32.
bxc3 d5 33. Bb5 Bd1 34. Kf1 Bb3 35. Ke1 Bc4 36. Bd7 Kf6 37. Kd2 Ke7 38. Bc8 Kd8 39. Bf5 Ke7 40. Kc1 a5 41. Kb2 b5 42. a4 b4 43. cxb4 axb4 44. a5 Kd8 45. Bh7 Ke7 46.
Bf5 Kd8 47. Kc2 Kc7 48. Bxg4 hxg4 49. h5 1-0

[Event "*** Titled Tuesday Blitz"]
[Site "Chess.com"]
[Date "2019.09.03"]
[Round "4"]
[White "pedro_gines"]
[Black "bubacik"]
[Result "0-1"]
[WhiteElo "2521"]
[BlackElo "2706"]
[TimeControl "180+2"]
[EndTime "15:53:00 PDT"]
[Termination "bubacik won by checkmate"]

1. d4 Nf6 2. Nf3 e6 3. g3 b6 4. Bg2 Bb7 5. O-O Be7 6. c4 O-O 7. Re1 d5 8. cxd5 exd5 9. Nc3 c5 10. Bf4 Na6 11. dxc5 bxc5 12. Ne5 Nc7 13. Nc4 Rb8 14. Bxc7 Qxc7 15. Nxd5 Nxd5 16. Bxd5 Rfd8 17. e4 Bf6 18. Qf3 Bxd5 19. exd5 Bxb2 20. d6 Rxd6 21. Nxb2 h6 22. Nc4 Rf6 23. Qe3 Qc8 24. Rac1 Qf5 25. Ne5 Rb2 26.
Nd3 Rxa2 27. Rxc5 Qh3 28. Nf4 Qd7 29. Rd5 Qg4 30. Qe8+ Kh7 31. Qe4+ g6 32. h3 Qc8 33. Qe5 Qc2 34. Re2 Qb1+ 35. Kg2 Ra1 36. Kf3 Rf5 37.
Qe7 Qh1+ 38. Kg4 h5+ 39. Kh4 Rxf4+ 40. gxf4 Qxd5 41. Re5 Qc4 42. Kg5 Rg1+ 43. Kf6 Qxf4+ 44. Rf5 Qxf5# 0-1

[Event "*** Titled Tuesday Blitz"]
[Site "Chess.com"]
[Date "2019.09.03"]
[Round "4"]
[White "ChristopherYoo"]
[Black "GCamachoMartinez"]
[Result "0-1"]
[WhiteElo "2576"]
[BlackElo "2434"]
[TimeControl "180+2"]
[EndTime "15:53:02 PDT"]
[Termination "GCamachoMartinez won by checkmate"]

1. e4 e5 2. Nf3 Nf6 3. Nxe5 d6 4. Nc4 Nxe4 5. Qe2 Qe7 6. Ne3 c6 7. c4 g6 8. Nc3 Nxc3 9. bxc3 Bg7 10. g3 O-O 11. Bg2 Nd7 12. O-O Nf6 13. d4 Bd7 14. Ba3 Rfe8 15. Rfe1 Rad8 16. Qd2 Qf8 17. Rab1 Bc8 18.
Qd3 h5 19. h4 Ng4 20. Nxg4 hxg4 21. Be4 Qe7 22. Kf1 Qf6 23. Kg1 Re7 24. Bg2 Rde8 25. Rxe7 Rxe7 26. Qd2 Kh7 27. Re1 Bh6 28. Qd1 Bf5 29. Bc1 Bc2 30. Bg5 Bxd1 31. Rxe7 Bxg5 32. Re1 Bf3 33. hxg5 Qxg5 34. Re3 Bxg2 35. Kxg2 Qf5 36. a4 Kg7 37. c5 dxc5 38. f4 gxf3+ 39. Rxf3 Qc2+ 40.
Kh3 cxd4 41. cxd4 Qd1 42. Kg2 Qxd4 43. Rf4 Qxf4 44. gxf4 Kf6 45. Kf3 Kf5 46. Ke3 c5 47. a5 b5 48. Kd3 Kxf4 49. a6 g5 50. Ke2 g4 51. Kf2 g3+ 52. Ke2 c4 53. Kd2 g2 54.
Kc3 g1=Q 55. Kb4 Qb6 56. Ka3 Qxa6+ 57. Kb4 Qa4+ 58. Kc5 c3 59. Kc6 c2 60. Kb7 Qe4+ 61. Kb8 c1=Q 62. Kxa7 Qc7+ 63. Ka6 Qa4# 0-1

[Event "*** Titled Tuesday Blitz"]
[Site "Chess.com"]
[Date "2019.09.03"]
[Round "4"]
[White "INLOVEWITHF"]
[Black "Malev212"]
[Result "1-0"]
[WhiteElo "2302"]
[BlackElo "2614"]
[TimeControl "180+2"]
[EndTime "15:53:15 PDT"]
[Termination "INLOVEWITHF won on time"]

1. e4 c5 2. Nf3 e6 3. d4 cxd4 4. Nxd4 Nf6 5. Nc3 Nc6 6. Ndb5 d6 7. Bf4 e5 8. Bg5 a6 9. Na3 b5 10. Nd5 Be7 11. Bxf6 Bxf6 12. c3 Bg5 13. Nc2 O-O 14. a4 bxa4 15. Rxa4 a5 16. Bc4 Rb8 17. b3 Kh8 18. h4 Bh6 19. Nce3 g6 20. h5 Qg5 21.
hxg6 fxg6 22. Qe2 Kg7 23. Ra1 Rf4 24. Bb5 Bd7 25. f3 Qg3+ 26. Kd1 Nd4 27. cxd4 Bxb5 28. Qd2 Rxf3 29. gxf3 Qxf3+ 30. Kc2 Qxe4+ 31. Kb2 exd4 32. Rxh6 dxe3 33. Qh2 Qd4+ 34. Ka2 Qxd5 35. Rxh7+ Kf6 36. Qf4+ Ke6 37. Qxe3+ Qe5 38. Re1 Qxe3 39. Rxe3+ Kd5 40. Rg7 Kd4 41. Rg3 Bd3 42. Rd7 d5 43. Ra7 Rb5 44. Re7 Be4 45. Rg1 Bd3 46. Rd1 1-0

[Event "*** Titled Tuesday Blitz"]
[Site "Chess.com"]
[Date "2019.09.03"]
[Round "4"]
[White "Iustin106"]
[Black "2165149677570"]
[Result "1-0"]
[WhiteElo "2495"]
[BlackElo "2309"]
[TimeControl "180+2"]
[EndTime "15:53:19 PDT"]
[Termination "Iustin106 won by resignation"]

1. d4 Nf6 2. c4 e6 3. Nc3 Bb4 4.
Qc2 O-O 5. a3 Bxc3+ 6. Qxc3 b6 7. Bg5 h6 8. Bh4 Bb7 9. e3 g5 10. Bg3 Ne4 11. Qc2 f5 12. Bd3 d6 13. f3 Nxg3 14.
hxg3 Qf6 15. O-O-O Nd7 16. Ne2 e5 17. d5 c6 18.
dxc6 Bxc6 19. Nc3 Rac8 20. Kb1 a6 21. g4 fxg4 22. fxg4 Nc5 23. Bf5 Rc7 24. Qd2 Rd8 25.
Nd5 Bxd5 26. Qxd5+ Kg7 27. Rd2 b5 28. cxb5 axb5 29. Rc1 Qf7 30. b4 Na4 31. Qxf7+ Rxf7 32. Rd5 Rb7 33. Ka2 Rb6 34. Kb3 Kf6 35. Bd3 Rdb8 36. Rc7 Ke6 37. e4 Kf6 38. Bxb5 Nc5+ 39. bxc5 Rxb5+ 40.
Kc4 Rxc5+ 41. Rdxc5 dxc5 42. Rc6+ Kg7 43. Rxc5 Ra8 44.
Kb4 Kf6 45. a4 Rd8 46. a5 Rd2 47. a6 Rb2+ 48. Ka4 Rxg2 49. Ra5 Rxg4 50. a7 Rxe4+ 51.
Kb5 1-0

[Event "*** Titled Tuesday Blitz"]
[Site "Chess.com"]
[Date "2019.09.03"]
[Round "4"]
[White "Jenia84"]
[Black "LADIESGET2KNOWME"]
[Result "1/2-1/2"]
[WhiteElo "2258"]
[BlackElo "2459"]
[TimeControl "180+2"]
[EndTime "15:53:19 PDT"]
[Termination "Game drawn - insufficient material"]

1. e4 e6 2. d4 d5 3. Bd3 Nf6 4. e5 Nfd7 5. Nf3 c5 6. c3 Nc6 7. O-O Be7 8. Bf4 g5 9. Be3 g4 10.
Nfd2 h5 11. f3 cxd4 12. cxd4 Qb6 13. Nb3 Ndxe5 14. fxg4 Nxg4 15. Qf3 Nxe3 16. Qxe3 Bd7 17. Nc3 f5 18. Bxf5 O-O-O 19. Bxe6 Nb4 20. Bxd7+ Rxd7 21. Rac1 Nc6 22. Nxd5 Rxd5 23. Qxe7 Rhd8 24. Qe6+ Kb8 25.
Rf8 Rxf8 26. Qxd5 Rd8 27. Qc5 Nxd4 28. Nxd4 Qxc5 29. Rxc5 Rxd4 30. Rxh5 Rd1+ 31. Kf2 Rd2+ 32. Kf3 Rxb2 33. Ra5 a6 34. h4 Kc7 35. h5 Kd6 36. g4 Rb1 37. h6 Rf1+ 38. Ke4 Rf8 39. h7 Rh8 40. Rh5 Ke6 41. g5 Kf7 42. Kf5 Kg7 43. g6 Rf8+ 44. Kg5 b5 45. Rh3 Rc8 46. Kf5 a5 47. Ke5 b4 48. Kd4 a4 49. Rh2 b3 50.
axb3 axb3 51. h8=Q+ Rxh8 52. Rxh8 Kxh8 53. Kc3 Kg7 54.
Kxb3 Kxg6 1/2-1/2

[Event "*** Titled Tuesday Blitz"]
[Site "Chess.com"]
[Date "2019.09.03"]
[Round "4"]
[White "Alohamora11"]
[Black "Bishops83"]
[Result "1-0"]
[WhiteElo "2456"]
[BlackElo "2215"]
[TimeControl "180+2"]
[EndTime "15:53:19 PDT"]
[Termination "Alohamora11 won on time"]

1. e4 c5 2. Nf3 g6 3. d4 cxd4 4. Qxd4 Nf6 5. e5 Nc6 6. Qa4 Nd5 7. Qb3 Nb6 8. Nc3 Bg7 9. Bf4 O-O 10. O-O-O Qc7 11. Nb5 Qb8 12. Bg3 Nxe5 13. Nxe5 Bxe5 14. Qe3 Bxg3 15. hxg3 f6 16. Bd3 Qe5 17. Qh6 Qg5+ 18. f4 Qxh6 19. Rxh6 Rf7 20. Rdh1 Rg7 21. f5 g5 22. Nd4 d6 23. Ne6 Rf7 24. a4 Bd7 25. a5 Nd5 26. Bc4 Bc6 27. Bxd5 Bxd5 28. Nc7 Bxg2 29. Nxa8 Rf8 30. Nc7 Rc8 31. Ne6 Bxh1 32.
Rxh1 Rc4 33. Re1 Rg4 34. Nd8 Kf8 35. Nxb7 Rxg3 36. a6 h5 37. Na5 Rg4 38. Nc6 Ra4 39.
Nxe7 h4 40. Ng6+ Kg7 41. Kd2 h3 42. Re7+ Kh6 43. Re8 g4 44. Ke2 Kg5 45. Kf2 Rxa6 46. Ne7 Rb6 47. Kg3 1-0

[Event "*** Titled Tuesday Blitz"]
[Site "Chess.com"]
[Date "2019.09.03"]
[Round "4"]
[White "Joshukid"]
[Black "hansen"]
[Result "0-1"]
[WhiteElo "2634"]
[BlackElo "2871"]
[TimeControl "180+2"]
[EndTime "15:53:21 PDT"]
[Termination "hansen won by checkmate"]

1. Nf3 Nf6 2. c4 b6 3. g3 Bb7 4.
Bg2 g6 5. b3 c5 6. Bb2 Bg7 7.
O-O d6 8. d4 cxd4 9. Qxd4 Nbd7 10. Nc3 Rc8 11. Rac1 a6 12. Qd2 O-O 13. Rfd1 Rc5 14.
h4 Qa8 15. Ne1 Bxg2 16. Nxg2 b5 17. cxb5 axb5 18. b4 Re5 19. f4 Re6 20. a3 Nb6 21. Nxb5 Ne4 22. Qc2 Rc8 23. Qb3 Bxb2 24. Rxc8+ Qxc8 25. Qxb2 Nxg3 26. e3 Re4 27. Kh2 Qg4 28. Re1 Nf5 29.
Qf2 Nd5 30. Nd4 Nxd4 31. exd4 Rxe1 32. Qxe1 Qf3 33. Qg3 Qe4 34. h5 Qxd4 35. hxg6 hxg6 36. f5 Nf6 37. fxg6 Ng4+ 38. Kh3 f5 39. Nh4 e6 40.
Nf3 Qd3 41. Ng5 Qf1+ 42. Qg2 Qd3+ 43. Qg3 Qd5 44. Qf3 Qd2 45. Qg2 Qxg5 46. Qa8+ Kg7 47.
Qe8 Qh6+ 48. Kg3 Qh2+ 49. Kf3 Qf2# 0-1

[Event "*** Titled Tuesday Blitz"]
[Site "Chess.com"]
[Date "2019.09.03"]
[Round "4"]
[White "ChristianAlm"]
[Black "Komissarov_alex"]
[Result "1/2-1/2"]
[WhiteElo "2301"]
[BlackElo "2106"]
[TimeControl "180+2"]
[EndTime "15:53:24 PDT"]
[Termination "Game drawn by repetition"]

1. d4 Nf6 2. Bg5 Ne4 3. Bf4 d5 4. e3 c5 5. Bd3 Nc6 6. Bxe4 dxe4 7. d5 Nb4 8. Nc3 g6 9. a3 Na6 10. Nxe4 Bg7 11. c3 O-O 12. Nf3 b5 13. d6 Bb7 14.
Ng3 Bxf3 15. Qxf3 e5 16. Bg5 Qxg5 17. Qc6 b4 18. axb4 Nxb4 19. cxb4 cxb4 20. O-O a5 21. Ne4 Qf5 22. Rfd1 Rfc8 23. Qd5 Rd8 24. Nc5 Bf8 25.
Ne4 Ra6 26. d7 Ra7 27. Nc5 Bxc5 28. Qxc5 Raxd7 29. Rxd7 Qxd7 30. g3 Qd5 31. Qxa5 Qxa5 32. Rxa5 Rd2 33. Rxe5 Rxb2 34. Rb5 Rb1+ 35. Kg2 b3 36. h4 b2 37. h5 Kg7 38. hxg6 hxg6 39. Rb7 Kf6 40. Kf3 Ke5 41. Rb4 Kd5 42. Rb8 Kc5 43. Ke4 Kc4 44. f4 Kc3 45. Rc8+ Kd2 46. Rd8+ Ke2 47. Rb8 Kd2 48. g4 Kc2 49. Rc8+ Kd2 50.
Rd8+ Kc2 51. Rc8+ Kd2 52. Rb8 Kc2 53. Rc8+ 1/2-1/2

[Event "*** Titled Tuesday Blitz"]
[Site "Chess.com"]
[Date "2019.09.03"]
[Round "4"]
[White "WPWPWP-2015"]
[Black "plumalka"]
[Result "1-0"]
[WhiteElo "2424"]
[BlackElo "2121"]
[TimeControl "180+2"]
[EndTime "15:53:30 PDT"]
[Termination "WPWPWP-2015 won by resignation"]

1. e4 c5 2. Nf3 d6 3. d4 cxd4 4. Nxd4 Nf6 5. Nc3 Bd7 6. h3 Nc6 7. Be3 g6 8. Bc4 Bg7 9. O-O O-O 10. a4 Rc8 11. Bb3 Nxd4 12. Bxd4 Bc6 13. Re1 Nd7 14.
Bxg7 Kxg7 15. a5 Nc5 16. Bd5 e6 17. Bxc6 bxc6 18. Qd2 Qe7 19. b4 Na6 20. Rad1 Rfd8 21. Qd3 Nc7 22. Qd4+ e5 23. Qxa7 Rb8 24. Rb1 f5 25. b5 Ra8 26. Qb6 c5 27. Qc6 Ne6 28. Nd5 Qg5 29. b6 Nd4 30. Qc7+ Kh6 31. Rb3 Rac8 32. Qe7 Qd2 33. Qh4+ Kg7 34. Qf6+ Kh6 35.
Qh4+ Kg7 36. Rf1 Qxa5 37. Qf6+ Kh6 38. Rg3 Qd2 39. Qh4+ Kg7 40. Qf6+ Kh6 41. b7 Rb8 42. exf5 Ne2+ 43. Kh2 Nxg3 44. Qh4+ Kg7 45. Qe7+ Kh6 46. Qh4+ Kg7 47. f6+ Kf7 48. Qxh7+ Ke6 49. Nc7+ Kf5 50. fxg3+ Ke4 51. Qxg6+ Kd4 52. Ne6+ Kc4 53. Nxd8 Rxd8 54. Qf7+ Kc3 55. Qb3+ Kd4 56. b8=Q 1-0

[Event "*** Titled Tuesday Blitz"]
[Site "Chess.com"]
[Date "2019.09.03"]
[Round "4"]
[White "pheonixking2000"]
[Black "Benjoneliere44"]
[Result "1-0"]
[WhiteElo "2711"]
[BlackElo "2522"]
[TimeControl "180+2"]
[EndTime "15:53:32 PDT"]
[Termination "pheonixking2000 won by resignation"]

1. a3 g6 2. e4 Bg7 3. d4 d6 4. Nc3 Nf6 5. Nge2 O-O 6. g3 e5 7. Bg2 Nc6 8. O-O exd4 9. Nxd4 Nxe4 10. Nxc6 Nxc3 11. Nxd8 Nxd1 12. Nxb7 Bxb7 13. Bxb7 Rab8 14. Rxd1 Rxb7 15. Ra2 Re8 16. Kf1 h5 17. b3 Bc3 18.
Be3 a6 19. Rd3 Bf6 20. b4 a5 21. c3 Re4 22. Re2 axb4 23. cxb4 Rb8 24. Rc2 Bd8 25.
Rdc3 Ra8 26. b5 Rea4 27. h4 Kf8 28. Kg2 Ke8 29. Rxc7 Bxc7 30. Rxc7 Rxa3 31. b6 Rb8 32. b7 Kd8 33. Bb6 Ra6 34. Rc8+ Kd7 35. Rxb8 Rxb6 36. Kf3 Kc7 37. Rf8 Rxb7 38. Rxf7+ Kc6 39. Rf6 Rg7 40. Kf4 Kd5 41. Kg5 Kc5 42. Rxg6 Rxg6+ 43. Kxg6 d5 44. f4 d4 45. f5 d3 46. f6 d2 47. f7 d1=Q 48. f8=Q+ Kb5 49. Qf5+ Ka6 50. Qg5 Ka7 51.
Kh6 Qf3 52. Qf4 Qe2 53. Qf7+ Ka8 54. Qxh5 Qe3+ 55. Qg5 Qe6+ 56. Kh5 Qf7+ 57. Qg6 Qf3+ 58. g4 Qd5+ 59. g5 Qf3+ 60. Kh6 Qg4 61. h5 Kb8 62. Qg8+ Kc7 63. Qf7+ Kd6 64. g6 Ke5 65. g7 1-0

[Event "*** Titled Tuesday Blitz"]
[Site "Chess.com"]
[Date "2019.09.03"]
[Round "4"]
[White "HouseOfDurin"]
[Black "babero_gordo"]
[Result "1-0"]
[WhiteElo "1947"]
[BlackElo "2171"]
[TimeControl "180+2"]
[EndTime "15:53:33 PDT"]
[Termination "HouseOfDurin won by checkmate"]

1. d4 Nf6 2. Bg5 e6 3. e4 h6 4. Bxf6 Qxf6 5. e5 Qd8 6. Qg4 d6 7. Nf3 Nc6 8. Bb5 Bd7 9. Bxc6 Bxc6 10. Nbd2 Qd7 11. O-O-O O-O-O 12. Rhe1 Kb8 13. Kb1 h5 14. Qf4 Be7 15. Qxf7 Rdf8 16. Qg6 dxe5 17. Nxe5 Qd5 18. Nxc6+ Qxc6 19. Qxe6 Bd6 20. f3 Bxh2 21.
Qxc6 bxc6 22. Re6 Kb7 23. Ne4 h4 24. Nc5+ Kb6 25. Nd7+ Kb7 26. Nxf8 Rxf8 27. Re4 g5 28. Rh1 Bg3 29. c3 Rf7 30. Kc2 Rd7 31. Rd1 Kb6 32. Re6 Bf4 33. d5 Bd6 34. dxc6 Kxc6 35. Rg6 Re7 36.
Rd2 Re5 37. b4 Kb5 38. Kb3 Re3 39. a4+ Kb6 40. Rdxd6+ cxd6 41. Rxd6+ Kc7 42. Rd5 h3 43. gxh3 Rxf3 44. Rxg5 Rxh3 45. Rg7+ Kb6 46. a5+ Kb5 47. Rxa7 Rh4 48. Rg7 Rf4 49. Rg5+ Ka6 50. c4 Rf3+ 51.
Ka4 Rf7 52. b5+ Ka7 53. Kb4 Rf4 54. Rg6 Kb7 55. a6+ Ka8 56. Rg7 Kb8 57. b6 Ka8 58. Rg8+ Rf8 59. Rxf8# 1-0

[Event "*** Titled Tuesday Blitz"]
[Site "Chess.com"]
[Date "2019.09.03"]
[Round "4"]
[White "amintabatabaei"]
[Black "alishersuleymenov"]
[Result "1-0"]
[WhiteElo "2905"]
[BlackElo "2636"]
[TimeControl "180+2"]
[EndTime "15:53:39 PDT"]
[Termination "amintabatabaei won by resignation"]

1. e4 c5 2. Nf3 e6 3. Qe2 Nc6 4. g3 g6 5. Bg2 Bg7 6. O-O Nge7 7.
c3 e5 8. a3 O-O 9. b4 d6 10.
Bb2 h6 11. d3 Be6 12. Nbd2 Qd7 13. Nc4 f5 14. exf5 Bxc4 15. dxc4 gxf5 16. Rad1 Qe6 17. Nh4 e4 18. f3 Bf6 19. fxe4 Bxh4 20. gxh4 f4 21. Bc1 f3 22. Rxf3 Ne5 23. Rg3+ Kh7 24. Bh3 Qf6 25. Qh5 Rg8 26. Rf1 Rxg3+ 27. hxg3 Qg6 28.
Qxg6+ Kxg6 29. Be6 a5 30. b5 a4 31. Bf4 Rd8 32.
Bxe5 dxe5 33. Bd5 b6 34. g4 Nc8 35. Kg2 Nd6 36. Kg3 Kg7 37. g5 Rh8 38. Rf6 hxg5 39. hxg5 Nc8 40. Rc6 Ne7 41. Rc7 Kf8 42. Rb7 Rh1 43.
Rxb6 Rg1+ 44. Kh4 Rc1 45. Rb8+ Kg7 46. Rb7 Kf8 47. b6 Rg1 48. Rb8+ Kg7 49. b7 Ng6+ 50. Kh3 Nf4+ 51. Kh2 Rg2+ 52. Kh1 Rc2 53. Rg8+ Kh7 54. g6+ Kh6 55. b8=Q Rc1+ 56. Kh2 Rc2+ 57. Kg1 Ne2+ 58. Kf2 Nf4+ 59. Kf3 1-0

[Event "*** Titled Tuesday Blitz"]
[Site "Chess.com"]
[Date "2019.09.03"]
[Round "4"]
[White "matiss90"]
[Black "Sanan_Sjugirov"]
[Result "0-1"]
[WhiteElo "2533"]
[BlackElo "2866"]
[TimeControl "180+2"]
[EndTime "15:53:40 PDT"]
[Termination "Sanan_Sjugirov won by checkmate"]

1. e4 c5 2. Nf3 d6 3. d4 cxd4 4. Nxd4 Nf6 5. Nc3 a6 6. Bc4 e6 7. Bb3 b5 8. O-O Be7 9. a3 O-O 10. f4 Bb7 11. f5 e5 12. Nde2 Nbd7 13. Ng3 Rc8 14. Kh1 Qb6 15. Bg5 a5 16. Bxf6 Nxf6 17. Nd5 Bxd5 18. Bxd5 Rc5 19. Nh5 Nxd5 20. Qg4 g6 21.
fxg6 hxg6 22. exd5 Rc4 23. Qg3 Bh4 24. Nf6+ Kg7 25.
Nh5+ Kh6 26. Qh3 gxh5 27. Rf5 Rg4 28. Raf1 f6 29. g3 Bg5 30. Rxg5 Rxg5 31. Qe6 Qd8 32. h4 Rxg3 33. Rf2 Rg4 34. Kh2 Rxh4+ 35. Kg1 Rg4+ 36. Kf1 Kg7 37. Rh2 Rg5 38. Rh4 Qc8 39. Qe7+ Rf7 40. Qxd6 Qf5+ 41. Ke2 Rg2+ 42. Ke3 Qf2+ 43. Ke4 Qxh4+ 44.
Kd3 Qd4# 0-1

[Event "*** Titled Tuesday Blitz"]
[Site "Chess.com"]
[Date "2019.09.03"]
[Round "4"]
[White "mitrabhaa"]
[Black "Walter_White_Poland"]
[Result "1-0"]
[WhiteElo "2651"]
[BlackElo "2323"]
[TimeControl "180+2"]
[EndTime "15:53:44 PDT"]
[Termination "mitrabhaa won on time"]

1. Nf3 c5 2. g3 Nc6 3. Bg2 e5 4. d3 g6 5. c4 Bg7 6. Nc3 f5 7. a3 Nf6 8. b4 d6 9. O-O O-O 10. Bb2 Rb8 11. Nd2 Bd7 12. bxc5 dxc5 13. Nd5 Be6 14. e4 Nd4 15. Bxd4 cxd4 16. Qb3 f4 17. Rfb1 fxg3 18. hxg3 Ng4 19. Nf3 Kh8 20. Rb2 Rf7 21. Rf1 Bh6 22. Nh2 Nxh2 23. Kxh2 Qg5 24.
Qa4 a6 25. Qa5 Rbf8 26. Kg1 Qh5 27. Nb6 Bg4 28. f4 exf4 29. Qxh5 Bxh5 30. gxf4 Bxf4 31.
Nd5 Be3+ 32. Nxe3 dxe3 33. Rxf7 Rxf7 34. d4 Rd7 35. d5 e2 36. Kf2 Rc7 37. e5 Rxc4 38.
Rb1 Rf4+ 39. Ke1 Kg7 40. Rxb7+ Kh6 41. Rb2 Rd4 42. Rd2 Rc4 43. Rxe2 Bxe2 44. Kxe2 Kg7 45. d6 Kf8 46. e6 Rd4 47. e7+ Kf7 48. Bc6 1-0

[Event "*** Titled Tuesday Blitz"]
[Site "Chess.com"]
[Date "2019.09.03"]
[Round "4"]
[White "Korchmar_Vasiliy"]
[Black "nurgyulsalimova"]
[Result "0-1"]
[WhiteElo "2688"]
[BlackElo "2532"]
[TimeControl "180+2"]
[EndTime "15:53:45 PDT"]
[Termination "nurgyulsalimova won by checkmate"]

1. d4 Nf6 2. c4 g6 3. Nc3 d5 4. Nf3 Bg7 5. Bf4 O-O 6. e3 c5 7. dxc5 Qa5 8. Rc1 Ne4 9. Be5 Bxe5 10. Nxe5 Rd8 11. cxd5 Be6 12. Bc4 Nc6 13. Nxc6 bxc6 14. O-O cxd5 15. Nxe4 dxe4 16. Qe2 Rd2 17. Qe1 Bxc4 18. Rxc4 Rad8 19. c6 Qxa2 20. c7 Qxc4 21. cxd8=Q+ Rxd8 22. Qa5 Rd7 23. Qe5 Qd5 24. Qc3 Qd3 25.
Qe5 Qd5 26. Qf4 e5 27. Qf6 Qd6 28. Qh4 Qb4 29. Qg4 f5 30. Qg5 Qxb2 31. h4 Qe2 32. Qf6 Rd1 33. Qe6+ Kf8 34. Qf6+ Kg8 35. Qe6+ Kf8 36.
Qc8+ Kg7 37. Rxd1 Qxd1+ 38. Kh2 Qg4 39. Qd8 f4 40. Qe7+ Kh6 41. Qf8+ Kh5 42. Qg7 Qxh4+ 43. Kg1 Qg5 44. Qxh7+ Qh6 45. Qe7 Qg5 46. Qh7+ Qh6 47. Qc7 fxe3 48. Qxe5+ Qg5 49. Qh8+ Qh6 50. g4+ Kg5 51.
f4+ exf3 52. Qe5+ Kxg4 53. Qe4+ Qf4 54. Qxg6+ Qg5 55. Qe4+ Kh3+ 56. Kf1 Qg2+ 57. Ke1 Qe2# 0-1

[Event "*** Titled Tuesday Blitz"]
[Site "Chess.com"]
[Date "2019.09.03"]
[Round "4"]
[White "Induwara_IM"]
[Black "ferdipy"]
[Result "1-0"]
[WhiteElo "2392"]
[BlackElo "2150"]
[TimeControl "180+2"]
[EndTime "15:53:48 PDT"]
[Termination "Induwara_IM won on time"]

1. d4 Nf6 2. c4 e6 3. Nf3 Bb4+ 4. Nbd2 d5 5. e3 O-O 6. a3 Be7 7. Bd3 dxc4 8. Nxc4 c5 9. dxc5 Bxc5 10. b4 Be7 11. Bb2 b6 12. e4 Bb7 13. e5 Nd5 14. Be4 Nd7 15. O-O Rc8 16. Rc1 b5 17. Nd6 Bxd6 18. Rxc8 Bxc8 19. exd6 N7f6 20. Bxd5 Nxd5 21. Qd4 f6 22. Qc5 Qb6 23. Nd4 a6 24. Re1 Kf7 25. Qc2 g6 26. Qc5 Rd8 27. Nc6 Rd7 28. Bd4 Qxc5 29. bxc5 e5 30. Bb2 Ke6 31. Nd4+ Kf7 32. Nb3 Nf4 33. Rd1 Bb7 34. g3 Nh3+ 35. Kf1 Ng5 36. Na5 Bf3 37. Rd3 Ke6 38. h4 e4 39.
Rd2 Nf7 40. Nb3 Ne5 41. Bxe5 fxe5 42. Ke1 e3 43. fxe3 Bd5 44. Na5 Ba8 45. Rf2 h6 46.
Rf8 Be4 47. Rc8 Kd5 48. c6 Rxd6 49. c7 Bf5 50. Rd8 Kc5 51. Nb7+ Kc6 52. Nxd6 Kxc7 53. Nf7 1-0

[Event "*** Titled Tuesday Blitz"]
[Site "Chess.com"]
[Date "2019.09.03"]
[Round "4"]
[White "albi1999"]
[Black "Kimster98"]
[Result "1-0"]
[WhiteElo "2488"]
[BlackElo "2608"]
[TimeControl "180+2"]
[EndTime "15:53:50 PDT"]
[Termination "albi1999 won by resignation"]

1. d4 d5 2. c4 e6 3. Nf3 Nf6 4. g3 Bb4+ 5. Bd2 Be7 6. Bg2 O-O 7. Qc2 c6 8. O-O Nbd7 9. Rd1 b6 10.
b3 Ne4 11. Nc3 f5 12. Bc1 Bb7 13. Bb2 Bd6 14. e3 g5 15. Ne2 Qf6 16. Ne1 Qh6 17. f3 Nef6 18. Nd3 g4 19. Nef4 gxf3 20. Bxf3 Ne4 21.
Qg2 Kh8 22. c5 Be7 23. b4 a5 24. a3 b5 25. Nf2 Ndf6 26. N2d3 Nd7 27. Nf2 Ng5 28.
Be2 a4 29. Bc3 Rg8 30. Kf1 Raf8 31. Ke1 Bc8 32. Kd2 Nf6 33. Bd3 Bd7 34. Kc2 Ng4 35. Nxg4 fxg4 36. e4 Nf3 37. exd5 exd5 38. Re1 Bg5 39.
Re5 Bxf4 40. gxf4 Qxh2 41. Qxh2 Nxh2 42. Rh5 Rg7 43. Rxh2 Rxf4 44. Bd2 Rf3 45. Be2 Rff7 46. Bh6 Rg6 47. Bd3 Bf5 48. Re1 Bxd3+ 49. Kxd3 g3 50.
Re8+ Rg8 51. Rxg8+ Kxg8 52. Rg2 Rf3+ 53. Be3 Kf7 54. Ke2 Rf6 55. Rxg3 h5 56. Rg5 h4 57.
Rh5 Rg6 58. Rxh4 Rg2+ 59. Bf2 Rg6 60. Rh7+ Ke8 61. Kf3 Rf6+ 62. Ke3 Re6+ 63. Kd3 Rf6 64. Be3 Rg6 65. Bf4 Rf6 66. Ke3 Re6+ 67. Kf3 Kd8 68. Be5 Rg6 69. Bd6 Rf6+ 70. Kg4 Re6 71. Kf5 Re4 72.
Rc7 Rxd4 73. Rxc6 Rd3 74. Rb6 Rxa3 75. c6 1-0

[Event "*** Titled Tuesday Blitz"]
[Site "Chess.com"]
[Date "2019.09.03"]
[Round "4"]
[White "kleinebeer98"]
[Black "NicoChasin"]
[Result "1-0"]
[WhiteElo "2664"]
[BlackElo "2490"]
[TimeControl "180+2"]
[EndTime "15:53:55 PDT"]
[Termination "kleinebeer98 won by resignation"]

1. e4 c5 2. Nf3 e6 3. d4 cxd4 4. Nxd4 Nc6 5. Nc3 Qc7 6. Qd3 a6 7. Nxc6 dxc6 8. Qg3 Qxg3 9. hxg3 e5 10. Bc4 b5 11.
Bb3 Nf6 12. f3 Nd7 13. a4 b4 14. Nd1 Nc5 15. Bc4 Be6 16. Ne3 b3 17. Bxe6 Nxe6 18. c3 Nc5 19. Ke2 O-O-O 20. Nc4 f6 21. Be3 Ne6 22. Na5 Bc5 23. Nxb3 Bxe3 24. Kxe3 Kc7 25. Na5 Nc5 26. b4 Nd3 27. Ra2 Rd7 28. Rd2 Rhd8 29. Rhd1 Nb2 30. Rxd7+ Rxd7 31. Rxd7+ Kxd7 32. Kd2 Nxa4 33. Kc2 Nb6 34. Kd3 Kc7 35. Nb3 Nd7 36. Kc4 Nb6+ 37.
Kd3 Na4 38. Nd2 c5 39. Kc4 Kc6 40. bxc5 Nxc5 41. Nf1 a5 42. Ne3 Nd7 43. Nf5 Nb6+ 44. Kb3 g6 45. Ne3 Kc5 46. Ng4 Nd7 47. Ne3 h5 48. Nd5 f5 49. Ka4 Nb6+ 50. Kxa5 Nxd5 51. exd5 Kxd5 52. Kb5 e4 53. c4+ Kd4 54. fxe4 fxe4 55. c5 e3 56. c6 e2 57. c7 e1=Q 58. c8=Q Qb1+ 59. Ka4 Qa2+ 60. Kb4 Qd2+ 61. Ka4 Qd1+ 62. Kb4 Qe1+ 63. Ka4 Qd1+ 64. Kb4 Qd2+ 65. Ka4 Qxg2 66.
Qd7+ Ke5 67. Qg7+ Kf5 68. Qf7+ Kg4 69. Qf4+ 1-0

[Event "*** Titled Tuesday Blitz"]
[Site "Chess.com"]
[Date "2019.09.03"]
[Round "4"]
[White "kuli4ik"]
[Black "Bigfish1995"]
[Result "0-1"]
[WhiteElo "2789"]
[BlackElo "3061"]
[TimeControl "180+2"]
[EndTime "15:53:59 PDT"]
[Termination "Bigfish1995 won by resignation"]

1. Nf3 Nf6 2. g3 d5 3. Bg2 c6 4. O-O Bg4 5. c4 e6 6. cxd5 cxd5 7. Ne5 Bf5 8. Nc3 Nbd7 9. d4 Be7 10. Qb3 Qb6 11.
Qa4 Qb4 12. Nxd7 Nxd7 13. Qxb4 Bxb4 14. Bd2 O-O 15. Rfc1 Nb6 16. a3 Be7 17. b3 Rfd8 18.
e3 a6 19. Kf1 Bd3+ 20. Ke1 Rac8 21. a4 g5 22. Bf1 Bxf1 23. Kxf1 f5 24. Ke2 Kf7 25. Kd3 Nd7 26. h3 Nf6 27. Ne2 g4 28. hxg4 fxg4 29. Rxc8 Rxc8 30. Rh1 h5 31.
Nf4 Bd6 32. Ne2 Ne4 33. Be1 Kg6 34. Rf1 b5 35. axb5 axb5 36. f3 gxf3 37. Rxf3 Ra8 38. Nc3 Bb4 39. Rf1 Ra1 40. Nxe4 dxe4+ 41. Ke2 Ra2+ 42.
Kd1 Bd6 43. Rg1 Kg5 44. Rf1 Kg6 45. Rg1 Ra1+ 46. Ke2 Rb1 47. Bf2 Rb2+ 48. Kf1 Rxb3 49. Kg2 b4 50. Rc1 Rc3 51. Ra1 b3 52. Ra6 b2 53. Rb6 Rc2 54. d5 Bc5 55. Rxe6+ Kf5 0-1